 Dungeon Crawl Stone Soup version 0.28.0-43-g3370ac3207 (webtiles) character file.

Game seed: 10285848941344016288

100 Ablot the Grasshopper (level 4, -3/38 HPs)
             Began as a Gnoll Warper on Mar 22, 2022.
             Slain by a wyvern zombie (5 damage)
             ... on level 3 of the Dungeon.
             The game lasted 00:03:00 (2340 turns).

Ablot the Grasshopper (Gnoll Warper)                Turns: 2340, Time: 00:03:00

Health: -3/38      AC:  5    Str: 13    XL:     4   Next: 74%
Magic:  7/11       EV: 13    Int: 12    God:
Gold:   95         SH:  0    Dex: 11    Spells: 11/13 levels left

rFire   . . .      SeeInvis .   a - +0 spear
rCold   . . .      Faith    .   (no shield)
rNeg    . . .      Spirit   .   u - +2 robe {Will+}
rPois   .          Reflect  .   (no helmet)
rElec   .          Harm     .   f - +0 cloak
rCorr   .          Rampage  .   (no gloves)
Will    +....                   (no boots)
Stlth   ++........              (no amulet)
HPRegen 0.12/turn               (no ring)
MPRegen 0.12/turn               (no ring)

@: on blink cooldown
A: fangs 1, strong nose, distributed training
a: no special abilities


You were on level 3 of the Dungeon.
You visited 1 branch of the dungeon, and saw 3 of its levels.

You collected 170 gold pieces.
You spent 75 gold pieces at shops.

Inventory:

Hand Weapons
 a - a +0 spear (weapon)
 i - a +1 dagger of venom
Missiles
 d - 5 boomerangs of dispersal (quivered)
 e - 91 stones
 j - 14 sling bullets
 m - 8 poisoned darts
 r - 19 arrows
Armour
 f - a +0 cloak (worn)
 u - a +2 robe of willpower (worn)
Magical Staves
 s - a staff of cold
Scrolls
 b - a scroll of enchant weapon {unknown}
 c - a scroll of blinking
 k - a scroll of fog {unknown}
 n - 2 scrolls of identify {unknown}
 o - a scroll of teleportation {unknown}
 p - a scroll of amnesia {unknown}
 w - a scroll of enchant armour {unknown}
Potions
 g - 2 potions of flight {unknown}
 h - 2 potions of attraction {unknown}
 l - 2 potions of heal wounds {unknown}
 q - a potion of berserk rage {unknown}
 t - a potion of lignification {unknown}
 v - a potion of might {unknown}


   Skills:
 + Level 4.7 Fighting
 + Level 1.2 Short Blades
 + Level 1.2 Long Blades
 + Level 1.2 Axes
 + Level 1.2 Maces & Flails
 + Level 4.7 Polearms
 + Level 1.2 Staves
 + Level 1.2 Slings
 + Level 1.2 Bows
 + Level 1.2 Crossbows
 + Level 2.8 Throwing
 + Level 2.8 Armour
 + Level 4.7 Dodging
 + Level 1.2 Stealth
 + Level 1.2 Shields
 + Level 1.2 Unarmed Combat
 + Level 5.1 Spellcasting
 + Level 1.0 Conjurations
 + Level 1.0 Hexes
 + Level 1.0 Summonings
 + Level 1.0 Necromancy
 + Level 5.5 Translocations
 + Level 1.0 Transmutations
 + Level 1.0 Fire Magic
 + Level 1.0 Ice Magic
 + Level 1.0 Air Magic
 + Level 1.0 Earth Magic
 + Level 1.0 Poison Magic
 + Level 1.3 Invocations
 + Level 1.2 Evocations


You had 11 spell levels left.
You knew the following spells:

 Your Spells              Type           Power      Damage    Failure   Level
a - Blink                 Tloc           32%        N/A       3%          2

Your spell library contained the following spells:

 Spells                   Type           Power      Damage    Failure   Level
 Gell's Gravitas          Tloc           16%        N/A       6%          3
 Lesser Beckoning         Tloc           16%        N/A       6%          3
 Teleport Other           Tloc           16%        N/A       6%          3
 Ensorcelled Hibernation  Hex/Ice        10%        N/A       21%         2
 Spider Form              Tmut/Pois      5%         N/A       36%         3
 Manifold Assault         Tloc           16%        N/A       50%         5
 Anguish                  Hex/Necr       2%         N/A       78%         4


Dungeon Overview and Level Annotations

Branches:
Dungeon (3/15)

Altars:

Shops:
D:1 *


Innate Abilities, Weirdness & Mutations

You have very sharp teeth.
Your uncanny sense of smell can sniff out nearby items.
Your experience applies equally to all skills.


Message History

You are too injured to fight recklessly!
You are too injured to fight recklessly!
You are too injured to fight recklessly!
You are too injured to fight recklessly!
You are too injured to fight recklessly!
You are too injured to fight recklessly!
You are too injured to fight recklessly!
You are too injured to fight recklessly!
Unknown command.
Your +1 dagger of venom stops dripping with poison.
a - a +0 spear (weapon)
The wyvern zombie bites you but does no damage.
Casting: Blink (safe; 3% risk of failure)
Confirm with . or Enter, or press ? or * to list all spells.
You blink.
You are too injured to fight recklessly!
Reach: a) +0 spear
Press: ? - help, Dir - move target, f - wyvern zombie
Aim: a wyvern zombie (translocational energy, lightly damaged, about 20% to evade your +0 spear)
You reach to attack!
You barely miss the wyvern zombie.
The wyvern zombie is lightly damaged.
You barely miss the wyvern zombie.
The wyvern zombie is lightly damaged.
The wyvern zombie bites you!
* * * LOW HITPOINT WARNING * * *
You hit the wyvern zombie. Your bite misses the wyvern zombie.
The wyvern zombie is moderately damaged.
The wyvern zombie misses you.
You hit the wyvern zombie.
The wyvern zombie is moderately damaged.
The wyvern zombie bites you!
* * * LOW HITPOINT WARNING * * *
You hit the wyvern zombie.
The wyvern zombie is moderately damaged.
You feel stable enough to blink again. The wyvern zombie barely misses you.
Casting: Blink (safe; 3% risk of failure)
Confirm with . or Enter, or press ? or * to list all spells.
You blink.
The wyvern zombie bites you.
You die...

...#. .... ....#...#####
............ #...........
#.......... ######.........
...........# ..?.#......# #
#@Z§..## ##.....#### .
#...........#######..
#....................
#...........########..
###......##....## #.
###.....(....#.#..#######.
########†.<##.....#....†......##.
#.......††###..........#..###....


You could see a wyvern zombie.

Vanquished Creatures
  Jessica (D:2)
  An adder (D:2)
  2 worms (D:2)
  3 dart slugs
  7 ball pythons
  2 bats (D:1)
  4 endoplasms
  2 giant cockroaches (D:1)
  5 goblins
  3 hobgoblins
  3 jackals (D:3)
  A quokka (D:1)
  5 frilled lizards
  8 kobolds
  7 rats
54 creatures vanquished.

Notes
Turn   | Place    | Note
-------+----------+-------------------------------------------
     0 | D:1      | Ablot the Gnoll Warper began the quest for the Orb.
     0 | D:1      | Reached XP level 1. HP: 20/20 MP: 6/6
   191 | D:1      | Reached XP level 2. HP: 22/26 MP: 7/7
   194 | D:1      | Learned a level 2 spell: Blink
   873 | D:1      | Reached XP level 3. HP: 30/31 MP: 9/9
   965 | D:1      | Reached skill level 5 in Spellcasting
  1276 | D:1      | Found Tineeb's Assorted Antiques.
  1281 | D:1      | Bought a scroll labelled LAWYORICKER for 25 gold pieces
  1281 | D:1      | Bought a scroll labelled VODUEM ERUGUIGG for 25 gold pieces
  1281 | D:1      | Bought a scroll labelled UFUOHA GUEMIPT for 25 gold pieces
  1605 | D:2      | Found a faded altar of an unknown god.
  1683 | D:2      | Reached skill level 1 in Invocations
  1769 | D:2      | Noticed Jessica
  1774 | D:2      | Killed Jessica
  1775 | D:2      | Reached skill level 1 in Short Blades
  1775 | D:2      | Reached skill level 1 in Long Blades
  1775 | D:2      | Reached skill level 1 in Axes
  1775 | D:2      | Reached skill level 1 in Maces & Flails
  1775 | D:2      | Reached skill level 1 in Staves
  1775 | D:2      | Reached skill level 1 in Slings
  1775 | D:2      | Reached skill level 1 in Bows
  1775 | D:2      | Reached skill level 1 in Crossbows
  1775 | D:2      | Reached skill level 1 in Stealth
  1775 | D:2      | Reached skill level 1 in Shields
  1775 | D:2      | Reached skill level 1 in Unarmed Combat
  1775 | D:2      | Reached skill level 1 in Evocations
  1775 | D:2      | Reached XP level 4. HP: 36/38 MP: 11/11
  2026 | D:2      | Reached skill level 1 in Conjurations
  2026 | D:2      | Reached skill level 1 in Hexes
  2026 | D:2      | Reached skill level 1 in Summonings
  2026 | D:2      | Reached skill level 1 in Necromancy
  2026 | D:2      | Reached skill level 1 in Transmutations
  2026 | D:2      | Reached skill level 1 in Fire Magic
  2026 | D:2      | Reached skill level 1 in Ice Magic
  2026 | D:2      | Reached skill level 1 in Air Magic
  2026 | D:2      | Reached skill level 1 in Earth Magic
  2026 | D:2      | Reached skill level 1 in Poison Magic
  2340 | D:3      | Slain by a wyvern zombie

Illustrated notes

Levels and vault maps discovered:
D:1:      dpeg_arrival_tiny_a, layout_loops_ring, serial_shops, shop,
          ebering_dispersal_statue_hall, chequers_serial_rivers_micro_c,
          wander_ebering_terrifying_dragon_lair
D:2:      layout_rooms, dreamdust_ecumenical_altar_statues, uniq_jessica
D:3:      layout_rooms

Skill      XL: |  1  2  3  4 |
---------------+-------------+-----
Spellcasting   | 5 |  5.1
Invocations    | 1 |  1.3
Short Blades   | 1 |  1.2
Long Blades    | 1 |  1.2
Axes           | 1 |  1.2
Maces & Flails | 1 |  1.2
Staves         | 1 |  1.2
Slings         | 1 |  1.2
Bows           | 1 |  1.2
Crossbows      | 1 |  1.2
Stealth        | 1 |  1.2
Shields        | 1 |  1.2
Unarmed Combat | 1 |  1.2
Evocations     | 1 |  1.2
Conjurations   | 1 |  1.0
Hexes          | 1 |  1.0
Summonings     | 1 |  1.0
Necromancy     | 1 |  1.0
Transmutations | 1 |  1.0
Fire Magic     | 1 |  1.0
Ice Magic      | 1 |  1.0
Air Magic      | 1 |  1.0
Earth Magic    | 1 |  1.0
Poison Magic   | 1 |  1.0
Fighting       | |  4.7
Polearms       | |  4.7
Throwing       | |  2.8
Armour         | |  2.8
Dodging        | |  4.7
Translocations | |  5.5

Action                   |  1- 3 |  4- 6 || total
-------------------------+-------+-------++-------
Melee: Spear             |    45 |     5 ||    50
       Dagger            |    69 |    58 ||   127
       Bite              |    10 |     6 ||    16
       Punch             |     2 |     1 ||     3
 Cast: Blink             |       |     2 ||     2
 Stab: Sleeping          |     1 |     1 ||     2
Armor: Leather armour    |    26 |       ||    26
       Robe              |       |    17 ||    17
Dodge: Dodged            |    62 |    47 ||   109
